 Dungeon Crawl Stone Soup version 0.30-a0-777-ga9a30cbeda (console) character file.

Game seed: 92175660485519063

651 rlgrobin the Insei (level 7, 0/52 HPs)
             Began as a Mummy Monk on Feb 14, 2023.
             Slain by a gnoll bouda
             ... wielding a +0 club
              (8 damage)
             ... on level 5 of the Dungeon.
             The game lasted 00:13:52 (4753 turns).

rlgrobin the Insei (Mummy Monk)                     Turns: 4753, Time: 00:13:52

Health: 0/52       AC:  5    Str: 14    XL:     7   Next: 28%
Magic:  7/7        EV: 13    Int:  9    God:
Gold:   250        SH:  0    Dex: 17    Spells: 6/6 levels left

rFire   . . .      SeeInvis .      - Unarmed
rCold   + . .      Faith    +    (no shield)
rNeg    + + +      Spirit   .    (no body armour)
rPois   ∞          Reflect  .    (no helmet)
rElec   .          Harm     .    e - +2 cloak {rPois}
rCorr   .          Rampage  +    b - +1 pair of gloves of Ymoatr Zarr {Rampage rF+ rN+ Slay-2}
Will    .....                    (no boots)
Stlth   ++                       (no amulet)
HPRegen 0.28/turn                c - ring of wizardry
MPRegen 0.10/turn                (no ring)

@: about to teleport, weakened
A: cold resistance 1, negative energy resistance 3, torment resistance 2, heat
vulnerability 1, in touch with death 1, no potions, faith
a: no special abilities


You were on level 5 of the Dungeon.
You visited 1 branch of the dungeon, and saw 6 of its levels.
You also visited: Ossuary.

You collected 250 gold pieces.

Inventory:

Armour
 b - the +1 pair of gloves of Ymoatr Zarr (worn) {Rampage rF+ rN+ Slay-2}
   (You acquired it in an ossuary)

   Slay:      It affects your accuracy & damage with ranged weapons and melee
   (-2).
   rF:        It protects you from fire.
   rN:        It protects you from negative energy.
   Rampage:   It bestows one free step when moving towards enemies.
 e - a +2 cloak of poison resistance (worn)
 f - an orb of mayhem
Jewellery
 c - a ring of wizardry (left hand)
Scrolls
 a - a scroll of blinking
 d - a scroll of identify
 g - 2 scrolls of teleportation
 h - a scroll of magic mapping
 j - a scroll of fog


   Skills:
 - Level 3.0 Fighting
 - Level 2.4 Dodging
 - Level 2.3 Stealth
 + Level 6.9 Unarmed Combat


You had 6 spell levels left.
You didn't know any spells.
Your spell library contained the following spells:

 Spells                   Type           Power      Damage    Failure   Level
 Freeze                   Ice            0%         1d3       16%         1
 Frozen Ramparts          Ice            0%         1d1       43%         3
 Hailstorm                Conj/Ice       0%         3d3       43%         3


Dungeon Overview and Level Annotations

Branches:
Dungeon (6/15)             Temple (0/1) D:5         Ossuary (visited)

Altars:
Okawaru
Vehumet
Yredelemnul

Shops:
D:5 !

Annotations:
D:2 Sigmund
D:4 exclusions: iguana and orc wizard
D:5 exclusions: ice beast and jelly, Eustachio


Innate Abilities, Weirdness & Mutations

You are immune to poison.
Your flesh is cold resistant. (rC+)
You are immune to negative energy. (rN+++)
You are immune to unholy pain and torment.
You are vulnerable to heat. (rF-)
You are in touch with the powers of death.
You do not drink.
You have a special connection with the divine. (Faith)


Message History

The gnoll bouda is almost dead.
The gnoll bouda mumbles some strange prayers to its god.
The gnoll bouda is healed somewhat.
You hit the gnoll bouda. You punch the gnoll bouda.
The gnoll bouda is severely wounded.
You hit the gnoll bouda but do no damage.
The gnoll bouda is severely wounded.
The gnoll bouda misses you.
You hit the gnoll bouda but do no damage.
The gnoll bouda is severely wounded.
The gnoll bouda hits you with a +0 club.
You closely miss the gnoll bouda.
The gnoll bouda is severely wounded.
The gnoll bouda gazes fiercely through you!
You feel as though you will be weak longer.
The gnoll bouda hits you with a +0 club.
You hit the gnoll bouda. Your punch misses the gnoll bouda.
The gnoll bouda is almost dead.
The gnoll bouda utters an invocation to its god.
The gnoll bouda is healed somewhat.
You barely miss the gnoll bouda.
The gnoll bouda is heavily wounded.
The gnoll bouda hits you with a +0 club.
You hit the gnoll bouda but do no damage.
The gnoll bouda is heavily wounded.
The gnoll bouda hits you with a +0 club!
* * * LOW HITPOINT WARNING * * *
You hit the gnoll bouda but do no damage.
The gnoll bouda is heavily wounded.
You barely miss the gnoll bouda.
The gnoll bouda is heavily wounded.
The gnoll bouda closely misses you.
You hit the gnoll bouda but do no damage.
The gnoll bouda is heavily wounded.
The gnoll bouda hits you with a +0 club.
* * * LOW HITPOINT WARNING * * *
As you read the scroll of teleportation, it crumbles to dust.
You feel strangely unstable.
The gnoll bouda hits you with a +0 club!
You die...

#####.##########.#
.......# #.# #......# #.#
#.####.# #.# #.# #.# #.#
#.# #.# #!# ######### #.#
#.# #.# #.......# #.####.#
#g# ##.#8....# .......#
#@# #...!....# ..#######
#.# #.....<..# ........#
#.###........# ..#####.#
#.##8...∩...8# .##
#.########.##.......###
†># #........#.##..>....#
..# ####.......##......##
..# #.........<....8.#
.########..###.####......#


You could see a gnoll bouda.

Vanquished Creatures
  3 elf zombies (Ossuary)
  2 scorpions
  A centaur zombie (Ossuary)
  A hound (D:5)
  A jelly (D:5)
  An orc wizard (D:5)
  4 mummies
  5 adders
  An ufetubus (D:5)
  An adder zombie (Ossuary)
  2 worms
  4 dart slugs
  2 orcs (D:5)
  7 endoplasms
  2 giant cockroaches (D:3)
  5 goblins
  6 hobgoblins
  2 jackals (D:1)
  5 quokkas
  6 ball pythons
  4 bats
  2 frilled lizards (D:1)
  2 goblin zombies
  12 hobgoblin zombies
  10 kobolds
  13 kobold zombies
  9 orc zombies
  12 rats
  2 rat zombies (Ossuary)
127 creatures vanquished.

Notes
Turn   | Place    | Note
-------+----------+-------------------------------------------
     0 | D:1      | rlgrobin the Mummy Monk began the quest for the Orb.
     0 | D:1      | Reached XP level 1. HP: 18/18 MP: 1/1
   171 | D:1      | Reached skill level 3 in Unarmed Combat
   171 | D:1      | Reached XP level 2. HP: 22/24 MP: 2/2
   586 | D:1      | Gained mutation: You are in touch with the powers of death.
                  | [Mummy growth]
   586 | D:1      | Reached XP level 3. HP: 29/29 MP: 3/3
  1006 | D:2      | Noticed Sigmund
  1361 | D:2      | Reached skill level 4 in Unarmed Combat
  1364 | D:2      | Reached XP level 4. HP: 19/35 MP: 4/4
  1473 | D:3      | Found an iron altar of Okawaru.
  2278 | D:4      | Noticed a necrophage
  2423 | D:4      | Found a radiant altar of Vehumet.
  2537 | D:4      | Noticed a necrophage
  2541 | D:5      | Entered Level 5 of the Dungeon
  2541 | D:5      | Noticed a scorpion
  2541 | D:5      | Found Udawnon's Distillery.
  2554 | D:5      | Killed a scorpion
  2555 | D:5      | Reached skill level 5 in Unarmed Combat
  2555 | D:5      | Reached XP level 5. HP: 9/41 MP: 5/5
  2705 | D:5      | Found a sand-covered staircase.
  2747 | Ossuary  | Entered an ossuary
  2943 | Ossuary  | Identified a scroll of acquirement
  2943 | Ossuary  | Acquired the +1 pair of gloves of Ymoatr Zarr {Rampage rF+
                  | rN+ Slay-2}
  2984 | Ossuary  | Reached XP level 6. HP: 14/47 MP: 6/6
  3475 | Ossuary  | Reached skill level 6 in Unarmed Combat
  3712 | D:5      | Reached XP level 7. HP: 20/52 MP: 7/7
  3892 | D:5      | Noticed Eustachio
  3906 | D:5      | Found a staircase to the Ecumenical Temple.
  4082 | D:5      | Found a basalt altar of Yredelemnul.
  4753 | D:5      | Slain by a gnoll bouda

Illustrated notes

Levels and vault maps discovered:
D:1:      ncdulo_watergridlock, layout_loops_ring
D:2:      layout_basic, uniq_sigmund
D:3:      layout_loops_cross, okawaru_metal_pillars_1_2
D:4:      layout_rooms, mainiacjoe_overflow_small_starburst,
          minmay_misc_feat_five, goddamned_bats
D:5:      layout_loops_ring, amcnicky_altar_gilded, minmay_temple_entry_slanted,
          serial_shops, nicolae_stop_n_shop_1, nicolae_ossuary_entry_giza,
          minmay_mini_ossuary, uniq_eustachio
D:6:      layout_cave_pools, tso_oasis_becter, lemuel_blue_sif_altar,
          dreamdust_wishing_well, uniq_duvessa

Skill      XL: |  1  2  3  4  5  6 |
---------------+-------------------+-----
Unarmed Combat | 3 4 5 6 |  6.9
Stealth        | 2 |  2.3
Fighting       | |  3.0
Dodging        | |  2.4

Action                     |  1- 3 |  4- 6 |  7- 9 || total
---------------------------+-------+-------+-------++-------
  Melee: Unarmed           |   159 |   365 |    63 ||   587
         Punch             |     4 |    18 |     4 ||    26
    Use: Scroll            |       |     7 |     1 ||     8
   Stab: Sleeping          |     7 |     4 |     5 ||    16
 Armour: Skin              |     4 |    60 |     6 ||    70
  Dodge: Dodged            |    84 |   154 |    35 ||   273

Table legend: (Time is in decaauts)
 A = Elapsed time spent in this place.
 B = Non-inter-level travel time spent in this place.
 C = Inter-level travel time spent in this place.
 D = Time resting spent in this place.
 E = Time spent auto-exploring this place.
 F = Levels seen in this place.
 G = Mean time per level.
                   A        B        C        D        E       F      G
               +--------+--------+--------+--------+--------+-----+--------+
         Total |   4700 |   4359 |    341 |   1162 |   1721 |   7 |  671.4 |
       Dungeon |   3840 |   3499 |    341 |    713 |   1717 |   6 |  640.0 |
       Ossuary |    860 |    860 |      0 |    449 |      4 |   1 |  860.0 |
               +--------+--------+--------+--------+--------+-----+--------+

Top non-repeatable levels by time:
     D:5: 1257 daAuts
     D:1: 1088 daAuts
 Ossuary: 860 daAuts
     D:3: 779 daAuts
     D:2: 430 daAuts
     D:4: 224 daAuts
     D:6: 60 daAuts
